 Dungeon Crawl Stone Soup version 0.18.1-50-g88ac8fd (webtiles) character file.

906 Gianozzolo the Changer (level 7, 0/52 HPs)
             Began as a Green Draconian Transmuter on Nov 30, 2017.
             Slain by Gianozzolo's ghost (13 damage)
             ... on level 5 of the Dungeon.
             The game lasted 00:08:01 (4251 turns).

Gianozzolo the Changer (Green Draconian Transmuter) Turns: 4251, Time: 00:08:02

Health: 0/52       AC:  8    Str: 12    XL:     7   Next: 81%
Magic:  6/10       EV: 12    Int: 15    God:
Gold:   218        SH:  0    Dex: 12    Spells: 3 memorised, 1 level left

rFire  . . .     SeeInvis .       - Unarmed
rCold  . . .     Gourm    .     (armour unavailable)
rNeg   . . .     Faith    .     (no shield)
rPois  +         Spirit   .     (helmet restricted)
rElec  .         Dismiss  .     (no cloak)
rCorr  .         Reflect  .     x - +0 pair of gloves
SustAt .         Harm     .     (no boots)
MR     .....                    (no amulet)
Stlth  +.........               (no ring)
                                y - +1 ring of protection

@: not resistant to hostile enchantments, very unstealthy
A: breathe noxious fumes, unfitting armour, poison resistance, cold-blooded, AC
+6
a: Breathe Noxious Fumes


You were on level 5 of the Dungeon.
You were very hungry.

You visited 1 branch of the dungeon, and saw 5 of its levels.

You collected 248 gold pieces.
You spent 30 gold pieces at shops.

Inventory:

Missiles
 a - 73 arrows
Armour
 i - a +0 cloak
 k - a +1 pair of gloves
 u - a +0 cloak
 x - a +0 pair of gloves (worn)
Jewellery
 y - a +1 ring of protection (left hand)
Scrolls
 e - 2 scrolls of random uselessness {unknown}
 g - a scroll of noise {unknown}
 o - 3 scrolls of amnesia {unknown}
 p - a scroll of fear {unknown}
 r - 8 scrolls of identify {unknown}
 t - a scroll of enchant weapon {unknown}
 w - a scroll of teleportation {unknown}
Potions
 f - 3 potions of agility {unknown}
 h - a potion of flight {unknown}
 j - a potion of lignification {unknown}
 l - a potion of haste
 m - a potion of invisibility {unknown}
 n - a potion of degeneration {unknown}
 q - 4 potions of curing
 v - a potion of beneficial mutation {unknown}
 z - a potion of berserk rage {unknown}
 A - 2 potions of cancellation {unknown}
 B - 2 potions of heal wounds
 C - 2 potions of magic {unknown}
Books
 b - a book of Changes

   Spells                             Type                      Level
   a - Beastly Appendage              Transmutation                1
   b - Sticks to Snakes               Transmutation                2
   c - Spider Form                    Transmutation/Poison         3
   d - Ice Form                       Ice/Transmutation            4
   e - Blade Hands                    Transmutation                5
Comestibles
 c - 4 bread rations
 d - a meat ration
 s - 2 beef jerkies


   Skills:
 - Level 1.1 Fighting
 - Level 1.7 Dodging
 + Level 5.3 Unarmed Combat
 - Level 2.0 Spellcasting
 * Level 7.6 Transmutations
 - Level 2.5 Poison Magic


You had one spell level left.
You knew the following spells:

 Your Spells              Type           Power        Failure   Level  Hunger
a - Beastly Appendage     Trmt           ###...       1%          1    #......
b - Spider Form           Trmt/Pois      ###.......   10%         3    ###....
c - Blade Hands           Trmt           ###.......   28%         5    ######.


Dungeon Overview and Level Annotations

Branches:
Dungeon (5/15)
 Temple: D:4-7

Altars:
Ashenzari
Dithmenos
Zin

Shops:
D:2 *   D:5 !

Annotations:
D:5 Gianozzolo's ghost, novice DrTm


Innate Abilities, Weirdness & Mutations

You can breathe blasts of noxious fumes.
Your lurid green scales are hard (AC +6).
Your body does not fit into most forms of armour.
Your system is resistant to poisons.
You are cold-blooded and may be slowed by cold attacks.


Message History

* * * LOW HITPOINT WARNING * * *
You are too injured to fight recklessly!
You are too injured to fight recklessly!
You are too injured to fight recklessly!
You are too injured to fight recklessly!
You are too injured to fight recklessly!
You are too injured to fight recklessly!
You are too injured to fight recklessly!
You are too injured to fight recklessly!
You are too injured to fight recklessly!
You are too injured to fight recklessly!
You are too injured to fight recklessly!
You are too injured to fight recklessly!
You are too injured to fight recklessly!
You slash Gianozzolo's ghost!
Gianozzolo's ghost is almost destroyed.
Your hands revert to their normal proportions.
Your +0 pair of gloves unmelds from your body.
Gianozzolo's ghost hits you!
You die...

...#.#.............####..........
#....#.........### ##.....####
#................. ###....#
...............##.#####.....##
.###...........##..##.........#
####.#...).....# #..........#).#.
...#.#.........###..........##...
..........).....W............##..
...##...........@#............#..
...###.......#.............#..##.
...............##................
.............####.)........##....
.....(.....................###...
............######............#..
##..........# #.........##....
>............. ..............###
............## ###############


You could see Gianozzolo's ghost.

Vanquished Creatures
  Eustachio (D:4)
  4 ogres
  A giant frog zombie (D:5)
  A centaur zombie (D:4)
  2 hounds
  2 giant frog skeletons
  An orc priest (D:4)
  An orc wizard (D:5)
  A worker ant (D:3)
  A howler monkey skeleton (D:5)
  6 adders
  An ooze (D:3)
  An adder zombie (D:5)
  An adder skeleton (D:4)
  3 worms
  6 dart slugs
  2 giant geckos
  11 orcs
  6 bats
  5 giant cockroaches
  6 goblins
  6 hobgoblins
  4 jackals (D:4)
  5 quokkas
  6 giant newts
  6 kobolds
  8 rats
98 creatures vanquished.

Notes
Turn   | Place    | Note
--------------------------------------------------------------
     0 | D:1      | Gianozzolo the Draconian Transmuter began the quest for the Orb.
     0 | D:1      | Reached XP level 1. HP: 16/16 MP: 3/3
   198 | D:1      | Reached XP level 2. HP: 14/23 MP: 5/5
   651 | D:2      | HP: 1/23 [worm (10)]
  1012 | D:2      | Reached skill level 3 in Transmutations
  1019 | D:2      | Reached XP level 3. HP: 12/28 MP: 4/6
  1103 | D:2      | Learned a level 3 spell: Spider Form
  1206 | D:2      | Found Zin's Purification Station.
  1217 | D:2      | Found a glowing silver altar of Zin.
  1297 | D:2      | Found a shattered altar of Ashenzari.
  1427 | D:2      | Reached XP level 4. HP: 34/35 MP: 7/7
  1562 | D:2      | Reached skill level 4 in Transmutations
  2050 | D:3      | Reached XP level 5. HP: 33/40 MP: 0/8
  2124 | D:3      | Reached skill level 5 in Transmutations
  2521 | D:4      | Noticed an ogre
  2537 | D:4      | Killed an ogre
  2537 | D:4      | Reached skill level 1 in Poison Magic
  2639 | D:4      | Noticed Eustachio
  2666 | D:4      | Killed Eustachio
  2666 | D:4      | Reached XP level 6. HP: 28/47 MP: 7/9
  2947 | D:4      | Found a shadowy altar of Dithmenos.
  3198 | D:4      | Reached skill level 6 in Transmutations
  3260 | D:4      | Your scales start taking on a lurid green colour.
  3260 | D:4      | Reached XP level 7. HP: 38/52 MP: 10/10
  3260 | D:4      | Gained mutation: Your system is resistant to poisons. [Green Draconian growth]
  3356 | D:5      | Entered Level 5 of the Dungeon
  3460 | D:5      | Found Jitzib's Distillery.
  3463 | D:5      | Bought a potion of curing for 30 gold pieces
  3551 | D:4      | Reached skill level 7 in Transmutations
  3566 | D:4      | Reached skill level 5 in Unarmed Combat
  3868 | D:5      | Noticed Gianozzolo's ghost (novice DrTm)
  4201 | D:4      | Learned a level 5 spell: Blade Hands
  4251 | D:5      | Slain by Gianozzolo's ghost

Skill      XL: |  1  2  3  4  5  6  7 |
---------------+----------------------+-----
Transmutations | 3 4 5 6 7 |  7.6
Unarmed Combat | 4 5 |  5.3
Poison Magic   | 2 |  2.5
Fighting       | |  1.1
Dodging        | |  1.7
Spellcasting   | |  2.0

Action                   |  1- 3 |  4- 6 |  7- 9 || total
-------------------------+-------+-------+-------++-------
Melee: Unarmed           |   136 |   194 |   121 ||   451
       Kick              |     8 |     5 |       ||    13
       Tailslap          |    10 |     7 |     7 ||    24
       Headbutt          |     3 |     7 |     1 ||    11
       Punch             |       |     1 |     3 ||     4
 Cast: Beastly Appendage |     9 |     7 |     3 ||    19
       Spider Form       |     2 |     8 |     3 ||    13
       Blade Hands       |       |       |     1 ||     1
 Abil: Breathe Noxious F |       |       |     3 ||     3
  Use: Potion            |     4 |       |     1 ||     5
 Stab: Sleeping          |     1 |     1 |       ||     2
       Confused          |       |       |     2 ||     2
  Eat: Chunk             |     3 |     7 |     4 ||    14
Armor: Skin              |    20 |    59 |    35 ||   114
Dodge: Dodged            |    92 |   130 |    68 ||   290
